Map: Defender's Landing LE

Players

JimBob - Winner!

  • Race: Zerg Zerg
  • League: Silver
  • Spawn Location: 7:00

BsB

  • Race: Terran Terran
  • Spawn Location: 1:00

VOD

Have the link to the VOD?

Description

Time

  • Played on: May 14, 2017, 4:54 p.m.
  • Length: 8:29
Show
View Real Time Build Order
Export as new Build Order

JimBob Zerg - Winner!

Build Orders: Pool First 

Get SALT Encoding   

  12  0:02  Drone  
  13  0:08  Drone  
  14  0:20  Overlord  
  14  0:27  Extractor  
  13  0:29  Extractor  
  13  0:30  Drone  
  13  0:32  Drone  
  15  0:41  Drone  
  16  0:48  Drone  
  17  0:56  Spawning Pool  
  16  0:59  Drone  
  17  1:07  Drone  
  18  1:17  Drone  
  19  1:36  Drone  
  19  1:37  Hatchery  
  19  1:44  Queen  
  21  1:50  Drone  
  22  1:55  Overlord  
  22  2:07  Evolution Chamber  
  21  2:09  Drone, Extractor  
  21  2:15  Drone  
  22  2:26  Queen  
  22  2:28  Metabolic Boost  
  24  2:33  Drone  
  25  2:42  Drone  
  26  2:50  Drone  
  27  2:55  Queen  
  29  2:58  Overlord  
  29  3:01  Drone  
  30  3:15  Drone x4  
  30  3:19  Drone  
  35  3:26  Drone  
  36  3:35  Drone x2  
  38  3:42  Zerg Melee Weapons Level 1  
  38  3:46  Overlord  
  38  3:47  Zergling x4  
  38  3:48  Drone  
  41  3:57  Zergling x4  
  43  4:16  Queen  
  45  4:22  Drone x2  
  45  4:23  Drone x3  
  45  4:24  Overlord x2  
  50  4:26  Zergling x2  
  51  4:35  Baneling Nest  
  50  4:39  Zergling x4  
  52  4:48  Evolution Chamber  
  52  4:51  Zergling x6  
  52  4:52  Zergling x6  
  57  4:58  Lair  
  57  5:01  Pneumatized Carapace  
  57  5:13  Drone  
  57  5:14  Drone x3, Overlord  
  61  5:25  Overlord x2  
  61  5:29  Baneling x2  
  61  5:30  Baneling x6  
  61  5:31  Baneling x5  
  61  5:32  Baneling  
  61  5:41  Zerg Ground Armor Level 1  
  61  5:44  Drone x4  
  61  5:47  Drone x2  
  67  5:51  Overlord  
  67  5:55  Extractor  
  66  5:57  Extractor  
  66  6:00  Burrow  
  66  6:02  Zergling x6  
  68  6:09  Centrifical Hooks  
  68  6:12  Zergling x2  
  68  6:13  Zergling x4  
  68  6:14  Zergling x2  
  72  6:26  Zergling x8  
  76  6:35  Drone x2  
  76  6:38  Zergling x2  
  79  6:42  Overseer  
  79  6:44  Overseer  
  79  6:48  Drone x2  
  81  7:09  Zergling x4  
  81  7:10  Zergling x2  
  84  7:19  Spire  
  84  7:21  Zergling x2  
  84  7:22  Zergling x10  
  79  8:01  Zergling x12  
Show
View Real Time Build Order
Export as new Build Order

BsB Terran 

Build Orders:  

Get SALT Encoding   

  12  0:00  SCV  
  13  0:12  SCV  
  14  0:18  Supply Depot  
  14  0:24  SCV  
  15  0:39  SCV  
  15  0:42  Barracks  
  16  0:51  SCV  
  17  1:03  SCV  
  18  1:09  Refinery  
  18  1:15  SCV  
  19  1:28  Orbital Command  
  19  1:45  Command Center  
  19  1:52  Barracks Reactor  
  19  1:55  SCV  
  20  2:03  Supply Depot  
  20  2:14  SCV  
  21  2:23  Barracks  
  21  2:26  SCV  
  21  2:29  Barracks  
  22  2:30  Marine  
  22  2:31  Marine  
  23  2:38  SCV  
  24  2:50  SCV  
  25  2:54  Marine x2  
  27  2:58  Orbital Command  
  27  3:02  SCV  
  28  3:11  Barracks Tech Lab  
  28  3:12  Marine x2  
  30  3:14  SCV  
  31  3:21  Engineering Bay  
  31  3:26  SCV  
  32  3:27  Factory  
  32  3:28  SCV  
  33  3:37  Stimpack  
  33  3:38  Marine, SCV  
  33  3:40  SCV, Barracks Reactor  
  36  3:43  Marine  
  37  3:48  Supply Depot  
  37  3:53  Refinery  
  37  3:59  SCV  
  37  4:01  SCV  
  39  4:11  Marine x3, SCV  
  39  4:13  SCV  
  44  4:23  SCV  
  45  4:25  SCV  
  45  4:29  Marine  
  47  4:35  Marine, SCV  
  47  4:36  Marine  
  47  4:37  SCV  
  47  4:38  Terran Infantry Weapons Level 1  
  51  4:40  Factory Reactor  
  51  4:47  SCV  
  51  4:49  SCV, Starport  
  53  4:53  Marine  
  54  5:10  Command Center  
  54  5:15  Supply Depot  
  54  5:22  Supply Depot  
  54  5:28  Starport Tech Lab  
  54  5:37  Marine x5, SCV x2  
  54  5:38  Supply Depot  
  61  5:45  Supply Depot  
  61  5:49  SCV x2  
  63  5:54  Marine x3  
  66  6:01  SCV x2  
  66  6:02  Supply Depot  
  68  6:13  SCV x2  
  70  6:19  Marine x3  
  70  6:20  Marauder, Barracks  
  75  6:25  SCV x2  
  75  6:27  Orbital Command, Barracks  
  77  6:39  SCV x2  
  79  6:41  Marauder  
  79  6:43  Marine x2  
  79  6:44  Marine x2  
  85  6:51  SCV x2  
  85  6:52  Medivac x2  
  91  7:01  Marine x2  
  91  7:02  Marauder  
  91  7:05  Fusion Core  
  95  7:18  Armory  
  95  7:20  SCV  
  95  7:21  SCV  
  95  7:22  Medivac x2  
  99  7:23  SCV  
  99  7:24  Marauder  
  99  7:26  Refinery  
  99  7:28  Refinery  
  104  7:33  Supply Depot  
  104  7:34  SCV  
  104  7:35  SCV  
  106  7:38  Marine  
  106  7:39  Marine x2  
  106  7:40  Marine  
  106  7:44  Marine x2  
  109  7:45  Marauder  
  71  7:52  Medivac  
  71  7:56  Marine x3, Supply Depot  
  75  7:59  Marine  
  75  8:02  Marine x2  
  66  8:07  Marauder  
Tags
 
Add a new tag
Caveats
  • Supply blocks, unpowered buildings, or Contaminate may cause inaccurate times.
  • Supply counts are checked every 10 seconds.